 Dungeon Crawl Stone Soup version 0.22.1-2-g9c5b331383 (webtiles) character file.

730 Rediskos the Caller (level 7, -7/40 HPs)
             Began as a Tengu Summoner on Nov 16, 2018.
             Was an Initiate of Sif Muna.
             Shot with a sling bullet by Joseph (10 damage)
             ... on level 7 of the Dungeon.
             The game lasted 00:40:18 (8681 turns).

Rediskos the Caller (Tengu Summoner)                Turns: 8681, Time: 00:40:19

Health: -7/40      AC:  6    Str:  8    XL:     7   Next: 73%
Magic:  7/12       EV: 22    Int: 17    God:    Sif Muna [......]
Gold:   215        SH:  0    Dex: 15    Spells: 2/12 levels left

rFire    . . .     SeeInvis .   e - +0 spear
rCold    . . .     Gourm    .   (no shield)
rNeg     . . .     Faith    .   h - +0 leather armour
rPois    +         Spirit   .   (helmet restricted)
rElec    .         Reflect  .   u - +0 cloak
rCorr    .         Harm     .   v - +1 pair of gloves (curse)
MR       .....                  (boots unavailable)
Stlth    ++........             (no amulet)
HPRegen  0.13/turn              b - +5 ring of evasion
MPRegen  0.13/turn              r - ring of poison resistance

@: flying quickly and evasively, quick
A: beak, talons 3, able to fly 1
a: Renounce Religion


You were on level 7 of the Dungeon.
You worshipped Sif Muna.
Sif Muna was noncommittal.
You were not hungry.

You visited 1 branch of the dungeon, and saw 7 of its levels.

You collected 215 gold pieces.

Inventory:

Hand Weapons
 e - a +0 spear (weapon)
Armour
 h - a +0 leather armour (worn)
 u - a +0 cloak (worn)
 v - a cursed +1 pair of gloves (worn)
Jewellery
 a - a cursed +5 ring of dexterity
 b - a +5 ring of evasion (left hand)
 l - an uncursed amulet of harm {unknown}
 r - a ring of poison resistance (right hand)
 w - an uncursed amulet of guardian spirit {unknown}
 x - an uncursed amulet of the gourmand {unknown}
 B - an uncursed ring of magical power {unknown}
Wands
 y - a wand of digging (10)
 z - a wand of disintegration (12)
Scrolls
 d - a scroll of teleportation {unknown}
 f - 3 scrolls of remove curse
 i - 2 scrolls of enchant armour
 k - 2 scrolls of fog
 m - 3 scrolls of magic mapping {unknown}
 n - 5 scrolls of random uselessness
 o - a scroll of amnesia {unknown}
 p - a scroll of noise {unknown}
 s - a scroll of immolation
 A - a scroll of blinking
Potions
 g - 2 potions of might {unknown}
 j - 4 potions of flight {unknown}
 q - a potion of heal wounds {unknown}
 t - 3 potions of curing
Comestibles
 c - 5 rations


   Skills:
 + Level 2.2 Fighting
 + Level 4.3 Dodging
 - Level 2.0 Stealth
 - Level 3.0 Spellcasting
 + Level 7.1 Summonings
 + Level 6.2 Air Magic


You had 2 spell levels left.
You knew the following spells:

 Your Spells              Type           Power        Failure   Level  Hunger
a - Call Imp              Summ           ####....     1%          2    ##.....
b - Summon Small Mammal   Summ           ####         1%          1    None
c - Call Canine Familiar  Summ           ####....     4%          3    ###....
d - Summon Lightning Spi  Summ/Air       ####....     16%         4    ####...

Your spell library contained the following spells:

 Spells                   Type           Power        Failure   Level  Hunger
 Summon Guardian Golem    Hex/Summ       ##......     17%         3    ###....
 Summon Ice Beast         Ice/Summ       ##......     50%         4    ####...


Dungeon Overview and Level Annotations

Branches:
Dungeon (7/15)             Temple (0/1) D:7

Altars:
Ashenzari
Dithmenos
Fedhas
Gozag
Kikubaaqudgha
Nemelex Xobeh
Qazlal
Ru
Sif Muna
Wu Jian
Yredelemnul
Zin

Shops:
D:4 (   D:7 (

Annotations:
D:3 2 transporters, gre3edy's ghost, amateur DsEn
D:4 2 transporters
D:7 Joseph


Innate Abilities, Weirdness & Mutations

You have a beak for a mouth.
You have claws for feet.
You can fly.


Message History

The sling bullet hits your lightning spire but does no damage.
Your lightning spire shoots out a bolt of lightning at Joseph!
The bolt of electricity hits Joseph.
Joseph shoots a sling bullet.
The sling bullet hits your lightning spire.
Joseph shoots a sling bullet.
The sling bullet hits your lightning spire but does no damage.
Your lightning spire shoots out a bolt of lightning at Joseph!
The bolt of electricity hits Joseph.
Joseph shoots a sling bullet.
The sling bullet hits your lightning spire.
Your lightning spire shoots out a bolt of lightning at Joseph!
The bolt of electricity hits Joseph.
Your lightning spire disappears in a puff of smoke!
Joseph shoots a sling bullet.
The sling bullet hits you.
* * * LOW HITPOINT WARNING * * *
You don't have the energy to cast that spell.
You eat one of the 6 rations.
That ration really hit the spot!
Joseph shoots a sling bullet.
The sling bullet hits you!
You die...

#.......#.........#
############..................
#..................#.)⌠...⌠..#
#..................#.........#
#.......................>.....
############.......#.........#
.......(.......>#..⌠...⌠..#
.............##............
......@..§@..####.........#
.....(.....(.# ###.##.##.##
.##########(## #...##.#....
#(# #..###...... #.# #.##
###.... #(# #.######....
#(#..#...........
#.#..#...........
#.#..#...........


You could see Joseph.

Vanquished Creatures
  A crimson imp (D:5)
  A hound (D:5)
  An orc wizard (D:5)
  2 gnolls (D:5)
  An adder (D:4)
  An ooze (D:3)
  An adder skeleton (D:4)
  A dart slug (D:3)
  4 orcs
  3 bat zombies (D:4)
  A goblin (D:2)
  A hobgoblin (D:3)
  2 bats (D:2)
  A frilled lizard (D:3)
  A kobold (D:2)
22 creatures vanquished.

Vanquished Creatures (collateral kills)
  A hornet zombie (D:5)
  Purgy (D:4)
  2 ice beasts
  An ogre (D:5)
  A centaur (D:6)
  Blork the orc (D:4)
  A scorpion (D:5)
  A hound (D:7)
  A quasit (D:6)
  An orc priest (D:5)
  2 orc wizards
  4 worker ants
  Ijyb (D:4)
  A hound skeleton (D:7)
  3 gnolls
  3 adders
  A howler monkey skeleton (D:4)
  An ooze (D:4)
  An adder skeleton (D:6)
  A dart slug (D:2)
  2 leopard geckos
  13 orcs
  A ball python (D:3)
  10 bats
  A giant cockroach (D:3)
  5 goblins
  7 hobgoblins
  10 jackals
  4 kobolds
  2 quokkas
  4 frilled lizards (D:1)
  A jackal skeleton (D:4)
  A quokka skeleton (D:7)
  7 rats
97 creatures vanquished.

Grand Total: 119 creatures vanquished

Notes
Turn   | Place    | Note
-------+----------+-------------------------------------------
     0 | D:1      | Rediskos the Tengu Summoner began the quest for the Orb.
     0 | D:1      | Reached XP level 1. HP: 10/10 MP: 4/4
     6 | D:1      | Noticed an anaconda
     6 | D:1      | Noticed a black bear
     7 | D:1      | Noticed a hog
     7 | D:1      | Noticed a swamp drake
   296 | D:1      | Reached skill level 5 in Summonings
   370 | D:1      | Reached XP level 2. HP: 16/16 MP: 1/6
   374 | D:1      | Learned a level 2 spell: Call Imp
  1399 | D:2      | Found a shattered altar of Ashenzari.
  1562 | D:2      | Found a sacrificial altar of Ru.
  1749 | D:2      | Reached XP level 3. HP: 20/20 MP: 0/7
  1810 | D:2      | Learned a level 3 spell: Call Canine Familiar
  1883 | D:2      | Found a glowing silver altar of Zin.
  1883 | D:2      | Found an opulent altar of Gozag.
  2027 | D:2      | Reached skill level 1 in Fighting
  2358 | D:3      | Found a transporter.
  2361 | D:3      | Noticed gre3edy's ghost (amateur DsEn)
  2376 | D:3      | Found a transporter.
  2578 | D:3      | Reached XP level 4. HP: 25/25 MP: 2/8
  3327 | D:3      | Found a shadowy altar of Dithmenos.
  3450 | D:4      | Noticed Ijyb
  3482 | D:4      | Noticed Blork the orc
  3711 | D:4      | Found a stormy altar of Qazlal.
  3766 | D:4      | Found a transporter.
  3791 | D:4      | Killed Ijyb
  3819 | D:4      | Killed Blork the orc
  3819 | D:4      | Reached skill level 6 in Summonings
  3819 | D:4      | Gained mutation: You can fly. [Tengu growth]
  3819 | D:4      | Reached XP level 5. HP: 30/30 MP: 2/10
  3886 | D:4      | Found a sparkling altar of Nemelex Xobeh.
  4023 | D:4      | Found an ancient bone altar of Kikubaaqudgha.
  4052 | D:4      | Found an ornate altar of the Wu Jian Council.
  4126 | D:4      | Found Soorgh's Antique Weapon Emporium.
  4158 | D:4      | Found a transporter.
  4243 | D:4      | Noticed Purgy
  4560 | D:5      | Entered Level 5 of the Dungeon
  4673 | D:5      | Reached XP level 6. HP: 35/35 MP: 3/11
  4679 | D:5      | Learned a level 4 spell: Summon Lightning Spire
  4910 | D:5      | Reached skill level 1 in Air Magic
  5896 | D:5      | Reached skill level 7 in Summonings
  5896 | D:5      | Reached XP level 7. HP: 20/40 MP: 6/12
  6598 | D:6      | Found a blossoming altar of Fedhas.
  7036 | D:6      | Reached skill level 5 in Air Magic
  7259 | D:6      | Found a basalt altar of Yredelemnul.
  7498 | D:4      | Found an ornate altar of the Wu Jian Council.
  7525 | D:4      | Found a stormy altar of Qazlal.
  7579 | D:4      | Found a deep blue altar of Sif Muna.
  7582 | D:4      | Became a worshipper of Sif Muna the Loreminder
  7622 | D:4      | Found a transporter.
  7626 | D:4      | Found a sparkling altar of Nemelex Xobeh.
  7744 | D:4      | Killed Purgy
  7998 | D:7      | Found a staircase to the Ecumenical Temple.
  8497 | D:7      | Found Juhihucaow's Weapon Shoppe.
  8658 | D:7      | Noticed Joseph
  8681 | D:7      | Shot with a sling bullet by Joseph

Skill      XL: |  1  2  3  4  5  6  7 |
---------------+----------------------+-----
Summonings     | 5 6 7 |  7.1
Fighting       | 1 2 |  2.2
Dodging        | 3 4 |  4.3
Spellcasting   | 3 |  3.0
Air Magic      | 3 6 |  6.2
Stealth        | |  2.0

Action                   |  1- 3 |  4- 6 |  7- 9 || total
-------------------------+-------+-------+-------++-------
Melee: Unarmed           |    12 |       |       ||    12
       Kick              |     6 |    18 |       ||    24
       Peck              |     3 |    10 |     1 ||    14
       Spear             |    20 |   110 |    19 ||   149
 Cast: Summon Small Mamm |    26 |       |       ||    26
       Call Imp          |    54 |    49 |    16 ||   119
       Call Canine Famil |     3 |    11 |     4 ||    18
       Summon Lightning  |       |       |    13 ||    13
 Abil: Fly               |       |    10 |    11 ||    21
  Use: Scroll            |     3 |     2 |     3 ||     8
 Stab: Distracted        |       |     3 |     1 ||     4
  Eat: Chunk             |     9 |    10 |     9 ||    28
       Ration            |       |     2 |     2 ||     4
Armor: Robe              |     6 |       |       ||     6
       Leather armour    |     3 |    17 |     3 ||    23
Dodge: Dodged            |    36 |    57 |    23 ||   116
